TOP OF THE 1ST |
Lancaster Farmers batting - Pitching for Westwood Sixshooters : RHP Miguel Hernández
|
Pitching: RHP Miguel Hernández
|
|
Batting: RHB Carl Bryant
|
0-0: Swinging Strike 0-1: Ball 1-1: Ground out 4-3 (Groundball, 4M)
|
Batting: RHB Eric Howard
|
0-0: Swinging Strike 0-1: Ball 1-1: Ball 2-1: Called Strike 2-2: Ball 3-2: Strikes out swinging
|
Batting: RHB Bronson Nicholls
|
0-0: Foul Ball, location: 2F 0-1: Foul Ball, location: 2F 0-2: Ball 1-2: Ball 2-2: Strikes out looking
|
Top of the 1st over - 0 run(s), 0 hit(s), 0 error(s), 0 left on base; Lancaster 0 - Westwood 0 |
BOTTOM OF THE 1ST |
Westwood Sixshooters batting - Pitching for Lancaster Farmers : RHP Wilson Vélez
|
Pitching: RHP Wilson Vélez
|
|
Batting: RHB Aurelio García
|
0-0: Called Strike 0-1: Ball 1-1: Foul Ball, location: 2F 1-2: Ground out 6-3 (Groundball, 6)
|
Batting: RHB Sergio Martínez
|
0-0: Ball 1-0: Fly out, F7 (Line Drive, 7M)
|
Batting: RHB Manuel Becerra
|
0-0: Called Strike 0-1: Foul Ball, location: 2F 0-2: Foul Ball, location: 2F 0-2: Ball 1-2: Ball 2-2: Fly out, F6 (Popup, 6D)
|
Bottom of the 1st over - 0 run(s), 0 hit(s), 0 error(s), 0 left on base; Lancaster 0 - Westwood 0 |
TOP OF THE 2ND |
Lancaster Farmers batting - Pitching for Westwood Sixshooters : RHP Miguel Hernández
|
Batting: RHB Sean MacKnight
|
0-0: Fly out, F3 (Popup, 3F)
|
Batting: LHB Rob Wilson
|
0-0: Ball 1-0: Swinging Strike 1-1: Called Strike 1-2: Ball 2-2: Foul Ball, location: 2F 2-2: Strikes out looking
|
Batting: RHB Chuck Wolf
|
0-0: Called Strike 0-1: Swinging Strike 0-2: Foul Ball, location: 2F 0-2: Strikes out looking
|
Top of the 2nd over - 0 run(s), 0 hit(s), 0 error(s), 0 left on base; Lancaster 0 - Westwood 0 |
BOTTOM OF THE 2ND |
Westwood Sixshooters batting - Pitching for Lancaster Farmers : RHP Wilson Vélez
|
Batting: RHB Wes Shannon
|
0-0: Ground out 1-3 (Groundball, 13S)
|
Batting: LHB José Martínez
|
0-0: Foul Ball, location: 2F 0-1: Ball 1-1: Ball 2-1: Ball 3-1: Base on Balls
|
Batting: RHB Jorge Morales
|
0-0: Called Strike 0-1: Swinging Strike 0-2: Ball 1-2: Strikes out swinging
|
Batting: RHB Ronnie Cleveland
|
0-0: Ball 1-0: Ball 2-0: Called Strike 2-1: Fly out, F8 (Line Drive, 8LD)
|
Bottom of the 2nd over - 0 run(s), 0 hit(s), 0 error(s), 1 left on base; Lancaster 0 - Westwood 0 |
TOP OF THE 3RD |
Lancaster Farmers batting - Pitching for Westwood Sixshooters : RHP Miguel Hernández
|
Batting: RHB Bennett Bates
|
0-0: Foul Ball, location: 2F 0-1: Ball 1-1: Foul Ball, location: 2F 1-2: Foul Ball, location: 2F 1-2: Ball 2-2: Ground out 6-3 (Groundball, 6M)
|
Batting: SHB Janghyun Sam
|
0-0: Swinging Strike 0-1: Swinging Strike 0-2: Ball 1-2: SINGLE (Groundball, 34S)
|
Batting: SHB Jim Henderson
|
0-0: Swinging Strike 0-1: Foul Ball, location: 2F 0-2: Ball 1-2: Strikes out swinging
|
Batting: RHB Carl Bryant
|
0-0: Swinging Strike 0-1: Ball 1-1: Swinging Strike 1-2: Ball 2-2: Strikes out swinging
|
Top of the 3rd over - 0 run(s), 1 hit(s), 0 error(s), 1 left on base; Lancaster 0 - Westwood 0 |
BOTTOM OF THE 3RD |
Westwood Sixshooters batting - Pitching for Lancaster Farmers : RHP Wilson Vélez
|
Batting: RHB Pedro Cortés
|
0-0: Ball 1-0: Swinging Strike 1-1: Called Strike 1-2: Strikes out swinging
|
Batting: RHB Richard Hicks
|
0-0: Ball 1-0: Ball 2-0: Called Strike 2-1: Swinging Strike 2-2: Fly out, F8 (Flyball, 78D)
|
Batting: RHB Aurelio García
|
0-0: Ball 1-0: Ground out 1-3 (Groundball, 13S)
|
Bottom of the 3rd over - 0 run(s), 0 hit(s), 0 error(s), 0 left on base; Lancaster 0 - Westwood 0 |
TOP OF THE 4TH |
Lancaster Farmers batting - Pitching for Westwood Sixshooters : RHP Miguel Hernández
|
Batting: RHB Eric Howard
|
0-0: Called Strike 0-1: Ball 1-1: Fly out, F8 (Flyball, 8LM)
|
Batting: RHB Bronson Nicholls
|
0-0: Called Strike 0-1: SINGLE (Line Drive, 4MD)
|
Batting: RHB Sean MacKnight
|
0-0: Ball 1-0: SINGLE (Groundball, 56D) (infield hit) Bronson Nicholls to second
|
Batting: LHB Rob Wilson
|
0-0: Called Strike 0-1: Foul Ball, location: 2F 0-2: Foul Ball, location: 2F 0-2: Ball 1-2: Foul Ball, location: 2F 1-2: Ball 2-2: Strikes out swinging
|
Batting: RHB Chuck Wolf
|
0-0: Ball 1-0: Foul Ball, location: 2F 1-1: Ball 2-1: Ball 3-1: Base on Balls Bronson Nicholls to third Sean MacKnight to second
|
Batting: RHB Bennett Bates
|
0-0: Foul Ball, location: 2F 0-1: Ball 1-1: Ball 2-1: Ball 3-1: Called Strike 3-2: Base on Balls Bronson Nicholls scores Sean MacKnight to third Chuck Wolf to second
|
Batting: SHB Janghyun Sam
|
0-0: Called Strike 0-1: Called Strike 0-2: Ball 1-2: Foul Ball, location: 2F 1-2: Fly out, F5 (Popup, 5DF)
|
Top of the 4th over - 1 run(s), 2 hit(s), 0 error(s), 3 left on base; Lancaster 1 - Westwood 0 |
BOTTOM OF THE 4TH |
Westwood Sixshooters batting - Pitching for Lancaster Farmers : RHP Wilson Vélez
|
Batting: RHB Sergio Martínez
|
0-0: Called Strike 0-1: Foul Ball, location: 2F 0-2: Foul Ball, location: 2F 0-2: Strikes out swinging
|
Batting: RHB Manuel Becerra
|
0-0: Called Strike 0-1: Ball 1-1: SINGLE (Line Drive, 6MD)
|
Batting: RHB Wes Shannon
|
0-0: Ball 1-0: Called Strike 1-1: Fly out, F8 (Flyball, 8LM)
|
Batting: LHB José Martínez
|
0-0: Ground out 6-3 (Groundball, 6)
|
Bottom of the 4th over - 0 run(s), 1 hit(s), 0 error(s), 1 left on base; Lancaster 1 - Westwood 0 |
TOP OF THE 5TH |
Lancaster Farmers batting - Pitching for Westwood Sixshooters : RHP Miguel Hernández
|
Batting: SHB Jim Henderson
|
0-0: Ball 1-0: Foul Ball, location: 2F 1-1: Foul Ball, location: 2F 1-2: Ball 2-2: Foul Ball, location: 2F 2-2: Fly out, F8 (Flyball, 78M)
|
Batting: RHB Carl Bryant
|
0-0: Ball 1-0: Ground out 4-3 (Groundball, 4)
|
Batting: RHB Eric Howard
|
0-0: Called Strike 0-1: Foul Ball, location: 2F 0-2: SINGLE (Groundball, 25) (infield hit)
|
Batting: RHB Bronson Nicholls
|
0-0: Ground out 4-3 (Groundball, 4)
|
Top of the 5th over - 0 run(s), 1 hit(s), 0 error(s), 1 left on base; Lancaster 1 - Westwood 0 |
BOTTOM OF THE 5TH |
Westwood Sixshooters batting - Pitching for Lancaster Farmers : RHP Wilson Vélez
|
Batting: RHB Jorge Morales
|
0-0: Ground out 5-3 (Groundball, 5L)
|
Batting: RHB Ronnie Cleveland
|
0-0: Swinging Strike 0-1: Ball 1-1: Called Strike 1-2: SINGLE (Flyball, 9LS)
|
Batting: RHB Pedro Cortés
|
0-0: Foul Ball, location: 2F 0-1: Ball 1-1: Fly out, F9 (Line Drive, 9LM)
|
Batting: RHB Richard Hicks
|
0-0: Called Strike Ronnie Cleveland is caught stealing 2nd base
|
Bottom of the 5th over - 0 run(s), 1 hit(s), 0 error(s), 0 left on base; Lancaster 1 - Westwood 0 |
TOP OF THE 6TH |
Lancaster Farmers batting - Pitching for Westwood Sixshooters : RHP Miguel Hernández
|
Batting: RHB Sean MacKnight
|
0-0: Foul Ball, location: 2F 0-1: Fly out, F7 (Flyball, 78XD)
|
Batting: LHB Rob Wilson
|
0-0: Ball 1-0: Ball 2-0: Ball 3-0: Called Strike 3-1: Base on Balls
|
Batting: RHB Chuck Wolf
|
0-0: Ball 1-0: Foul Ball, location: 2F 1-1: Ball 2-1: Foul Ball, location: 2F 2-2: Ball 3-2: Base on Balls Rob Wilson to second
|
Batting: RHB Bennett Bates
|
0-0: Ball 1-0: Ball 2-0: Called Strike 2-1: Foul Ball, location: 2F 2-2: Fly out, F9 (Line Drive, 9D) Runner from 2nd tags up, SAFE at 3rd, no throw
|
Batting: SHB Janghyun Sam
|
0-0: Ball 1-0: Foul Ball, location: 2F 1-1: Fly out, F9 (Line Drive, 9M)
|
Top of the 6th over - 0 run(s), 0 hit(s), 0 error(s), 2 left on base; Lancaster 1 - Westwood 0 |
BOTTOM OF THE 6TH |
Westwood Sixshooters batting - Pitching for Lancaster Farmers : RHP Wilson Vélez
|
Batting: RHB Richard Hicks
|
0-0: Ball 1-0: Ball 2-0: Called Strike 2-1: Foul Ball, location: 2F 2-2: Foul Ball, location: 2F 2-2: Ball 3-2: Fly out, F7 (Flyball, 78S)
|
Batting: RHB Aurelio García
|
0-0: Ball 1-0: Foul Ball, location: 2F 1-1: Foul Ball, location: 2F 1-2: Foul Ball, location: 2F 1-2: Strikes out swinging
|
Batting: RHB Sergio Martínez
|
0-0: Foul Ball, location: 2F 0-1: Foul Ball, location: 2F 0-2: Ball 1-2: Ground out U3 (Groundball, 3)
|
Bottom of the 6th over - 0 run(s), 0 hit(s), 0 error(s), 0 left on base; Lancaster 1 - Westwood 0 |
TOP OF THE 7TH |
Lancaster Farmers batting - Pitching for Westwood Sixshooters : RHP Miguel Hernández
|
Batting: SHB Jim Henderson
|
0-0: Called Strike 0-1: Foul Ball, location: 2F 0-2: Ball 1-2: Ball 2-2: Strikes out swinging
|
Batting: RHB Carl Bryant
|
0-0: Ball 1-0: Ball 2-0: Foul Ball, location: 2F 2-1: Foul Ball, location: 2F 2-2: Ground out 4-3 (Groundball, 4M)
|
Batting: RHB Eric Howard
|
0-0: Called Strike 0-1: Fly out, F9 (Flyball, 9M)
|
Top of the 7th over - 0 run(s), 0 hit(s), 0 error(s), 0 left on base; Lancaster 1 - Westwood 0 |
BOTTOM OF THE 7TH |
Westwood Sixshooters batting - Pitching for Lancaster Farmers : RHP Wilson Vélez
|
Batting: RHB Manuel Becerra
|
0-0: Swinging Strike 0-1: Foul Ball, location: 2F 0-2: Strikes out looking
|
Batting: RHB Wes Shannon
|
0-0: Fly out, F2 (Popup, 2R)
|
Batting: LHB José Martínez
|
0-0: Swinging Strike 0-1: Ball 1-1: Ball 2-1: Foul Ball, location: 2F 2-2: Strikes out swinging
|
Bottom of the 7th over - 0 run(s), 0 hit(s), 0 error(s), 0 left on base; Lancaster 1 - Westwood 0 |
TOP OF THE 8TH |
Lancaster Farmers batting - Pitching for Westwood Sixshooters : RHP Miguel Hernández
|
Pitching: LHP Don Bender
|
|
Batting: RHB Bronson Nicholls
|
0-0: Ball 1-0: Fly out, F9 (Flyball, 9M)
|
Batting: RHB Sean MacKnight
|
0-0: Called Strike 0-1: Ball 1-1: DOUBLE (Line Drive, 89S)
|
Pinch Hitting: RHB Alan Potts
|
0-0: Swinging Strike 0-1: Ball 1-1: Ball 2-1: Swinging Strike 2-2: Ball 3-2: Base on Balls
|
Batting: RHB Chuck Wolf
|
0-0: Foul Ball, location: 2F 0-1: Foul Ball, location: 2F 0-2: Ground out 5-3 (Groundball, 15S) Sean MacKnight to third Alan Potts to second
|
Batting: RHB Bennett Bates
|
0-0: Called Strike 0-1: Called Strike 0-2: Ball 1-2: DOUBLE (Flyball, 89D) Sean MacKnight scores Alan Potts scores
|
Batting: SHB Janghyun Sam
|
0-0: Ball 1-0: Ground out 6-3 (Groundball, 6)
|
Top of the 8th over - 2 run(s), 2 hit(s), 0 error(s), 1 left on base; Lancaster 3 - Westwood 0 |
BOTTOM OF THE 8TH |
Westwood Sixshooters batting - Pitching for Lancaster Farmers : RHP Wilson Vélez
|
Now in LF: Jim Unknown
|
|
Batting: RHB Jorge Morales
|
0-0: Foul Ball, location: 2F 0-1: Swinging Strike 0-2: Strikes out looking
|
Batting: RHB Ronnie Cleveland
|
0-0: Ball 1-0: Swinging Strike 1-1: Ball 2-1: DOUBLE (Line Drive, 7LM)
|
Batting: RHB Pedro Cortés
|
0-0: Called Strike Reached via error on a dropped throw, E3 Ronnie Cleveland to third
|
Batting: RHB Richard Hicks
|
0-0: Called Strike 0-1: Grounds into double play, 1-6-3 (Groundball, 13)
|
Bottom of the 8th over - 0 run(s), 1 hit(s), 1 error(s), 1 left on base; Lancaster 3 - Westwood 0 |
TOP OF THE 9TH |
Lancaster Farmers batting - Pitching for Westwood Sixshooters : LHP Don Bender
|
Batting: SHB Jim Henderson
|
0-0: Called Strike 0-1: Foul Ball, location: 2F 0-2: SINGLE (Line Drive, 78S)
|
Batting: RHB Carl Bryant
|
0-0: Sac Bunt - play at first, batter OUT! 2-4 Jim Henderson to second
|
Batting: RHB Eric Howard
|
0-0: Swinging Strike 0-1: Called Strike 0-2: Ball 1-2: Strikes out swinging
|
Batting: RHB Bronson Nicholls
|
0-0: Ball 1-0: Ball 2-0: Called Strike 2-1: Foul Ball, location: 2F 2-2: Foul Ball, location: 2F 2-2: Foul Ball, location: 2F 2-2: SINGLE (Line Drive, 3L) Jim Henderson to third
|
Batting: RHB Sean MacKnight
|
0-0: Called Strike 0-1: Foul Ball, location: 2F 0-2: Ball 1-2: Ball 2-2: Foul Ball, location: 2F 2-2: TRIPLE (Line Drive, 9LS) Jim Henderson scores Bronson Nicholls scores
|
Pitching: RHP Fernando Solís
|
|
Batting: RHB Jim Unknown
|
0-0: SINGLE (Groundball, 56D) Sean MacKnight scores
|
Batting: RHB Chuck Wolf
|
0-0: Swinging Strike 0-1: Ball 1-1: Ball 2-1: Foul Ball, location: 2F 2-2: Strikes out swinging
|
Top of the 9th over - 3 run(s), 4 hit(s), 0 error(s), 1 left on base; Lancaster 6 - Westwood 0 |
BOTTOM OF THE 9TH |
Westwood Sixshooters batting - Pitching for Lancaster Farmers : RHP Wilson Vélez
|
Batting: RHB Aurelio García
|
0-0: Ball 1-0: Fly out, F7 (Flyball, 7M)
|
Batting: RHB Sergio Martínez
|
0-0: Fly out, F8 (Flyball, 89M)
|
Batting: RHB Manuel Becerra
|
0-0: Called Strike 0-1: Ball 1-1: Ground out 6-3 (Groundball, 56)
|
Bottom of the 9th over - 0 run(s), 0 hit(s), 0 error(s), 0 left on base; Lancaster 6 - Westwood 0 |
|